 Dungeon Crawl Stone Soup version 0.30-a0-1018-g25214051b3 (webtiles) character file.

Game seed: 12051056475131151259

9834 bearlyready the Fencer (level 11, -4/68 HPs)
             Began as a Tengu Fighter on Apr 7, 2023.
             Was an Initiate of Gozag.
             Slain by a wraith (5 damage)
             ... led by Josephine
             ... on level 10 of the Dungeon.
             The game lasted 00:25:22 (9888 turns).

bearlyready the Fencer (Tengu Fighter)              Turns: 9888, Time: 00:25:22

Health: -4/68      AC: 14    Str: 23    XL:     11   Next: 52%
Magic:  12/12      EV: 12    Int:  9    God:    Gozag
Gold:   718        SH: 12    Dex: 21    Spells: 10/10 levels left

rFire   . . .      SeeInvis .    P - +3 scimitar (freeze)
rCold   . . .      Faith    .    c - +0 buckler
rNeg    . . .      Spirit   .    G - +0 acid dragon scales
rPois   .          Reflect  +    q - +1 hat
rElec   .          Rampage  .    t - +1 cloak
rCorr   +                        (no gloves)
Will    .....                    (boots unavailable)
Stlth   +                        z - amulet of Uluxzim {Reflect Dex+4 Slay+2 SH+5}
HPRegen 0.31/turn                F - +4 ring of protection
MPRegen 0.13/turn                n - +6 ring of strength

@: flying quickly and evasively, slowed, very slow
A: beak, talons 3, nimble flight
a: Renounce Religion, Potion Petition, Call Merchant, Bribe Branch


You were on level 10 of the Dungeon.
You worshipped Gozag.
Gozag was pleased with you.
You visited 2 branches of the dungeon, and saw 11 of its levels.

You collected 1092 gold pieces.
You spent 180 gold pieces at shops.
You paid 194 gold pieces to Gozag.

Inventory:

Hand Weapons
 A - a +2 falchion of holy wrath
 I - a +4 scimitar
 P - a +3 scimitar of freezing (weapon)
 Q - a +4 great sword
Missiles
 g - 3 atropa-tipped darts
 o - 17 boomerangs
 w - 2 javelins
 x - 26 poisoned darts
 H - 2 curare-tipped darts (quivered)
Armour
 a - a +0 scale mail of poison resistance
 b - a +0 scale mail
 c - a +0 buckler (worn)
 q - a +1 hat (worn)
 t - a +1 cloak (worn)
 G - +0 acid dragon scales (worn)
 N - +0 fire dragon scales
Jewellery
 n - a +6 ring of strength (right hand)
 v - a ring of resist corrosion
 z - the amulet of Uluxzim (around neck) {Reflect Dex+4 Slay+2 SH+5}
   (You found it on level 5 of the Dungeon)

   [amulet of reflection]

   It reflects blocked missile attacks.
   Dex:       It affects your dexterity (+4).
   Slay:      It affects your accuracy & damage with ranged weapons and melee
   (+2).
   SH:        It affects your SH (+5).
 F - a +4 ring of protection (left hand)
Wands
 C - a wand of flame (27)
 D - a wand of digging (3)
 J - a wand of roots (8)
Scrolls
 f - 2 scrolls of blinking {unknown}
 h - 2 scrolls of enchant weapon
 i - 4 scrolls of teleportation
 m - 2 scrolls of vulnerability
 p - 3 scrolls of magic mapping
 r - 4 scrolls of noise
 u - 2 scrolls of enchant armour {unknown}
 y - a scroll of acquirement {unknown}
 B - 3 scrolls of summoning
 M - 2 scrolls of identify
Potions
 d - 2 potions of attraction
 e - 10 potions of curing
 j - a potion of cancellation {unknown}
 k - a potion of invisibility
 l - 2 potions of brilliance {unknown}
 s - 2 potions of heal wounds
 E - a potion of ambrosia {unknown}
 K - a potion of magic {unknown}
 L - 2 potions of haste {unknown}
 O - 2 potions of degeneration {unknown}


   Skills:
 + Level 7.8 Fighting
 + Level 15.9 Long Blades
 - Level 3.2 Armour
 + Level 7.7 Shields


You had 10 spell levels left.
You didn't know any spells.
Your spell library contained the following spells:

 Spells                   Type           Power      Damage    Failure   Level
 Beastly Appendage        Tmut           0%         N/A       54%         1
 Scorch                   Fire           0%         2d5       67%         2
 Wereblood                Tmut           0%         N/A       67%         2
 Inner Flame              Hex/Fire       0%         N/A       88%         3
 Spider Form              Tmut/Pois      0%         N/A       88%         3
 Tukima's Dance           Hex            0%         N/A       88%         3
 Volatile Blastmotes      Fire/Tloc      0%         2d10      88%         3
 Flame Wave               Conj/Fire      0%         2d4       99%         4
 Fulminant Prism          Conj/Hex       0%         3d5       99%         4
 Iskenderun's Mystic Bla  Conj/Tloc      0%         2d3       99%         4
 Passage of Golubria      Tloc           0%         N/A       99%         4
 Sticky Flame             Conj/Fire      0%         2d3       99%         4
 Borgnjor's Vile Clutch   Necr/Erth      0%         N/A       100%        5
 Lee's Rapid Deconstruct  Erth           0%         3d4*      100%        5
 Yara's Violent Unravell  Hex/Tmut       0%         3d3       100%        5
 Death Channel            Necr           0%         N/A       100%        6
 Summon Cactus Giant      Summ           0%         N/A       100%        6
 Borgnjor's Revivificati  Necr           0%         N/A       100%        8
 Necromutation            Tmut/Necr      0%         N/A       100%        8
 Death's Door             Necr           0%         N/A       100%        9
 Animate Dead             Necr           Unusable   N/A       N/A         4

Dungeon Overview and Level Annotations

Branches:
Dungeon (10/15)            Temple (1/1) D:6            Lair (0/5) D:9
    Orc: D:9-12

Altars:
Ashenzari
Cheibriados
Dithmenos
Elyvilon
Gozag
Hepliaklqana
Kikubaaqudgha
Nemelex Xobeh
Qazlal
Ru
Sif Muna
Trog
Uskayaw
Vehumet
Wu Jian
Xom
Yredelemnul
Zin
The Shining One

Shops:
D:3 (   D:6 *   D:7 (

Annotations:
D:4 3 runed translucent doors, ThatPearl's ghost, novice HOMo
D:9 3 runed translucent doors, BlueFish's ghost, novice OpWr


Innate Abilities, Weirdness & Mutations

You have a beak for a mouth.
You have claws for feet.
Your magical nature lets you fly swiftly and evasively.


Message History

You kill Josephine!
The wraith hits you but does no damage. x2; You block the wraith's attack.
Your life force feels restored.
You hit the wraith. You peck the wraith, but do no damage.
The wraith is lightly damaged.
The wraith hits you but does no damage. x3
You closely miss the wraith. You claw the wraith. Your peck misses the wraith.
The wraith is moderately damaged.
The wraith hits you but does no damage. The wraith hits you!
The wraith drains your vigour!
You feel as though you will be slow longer.
The wraith hits you but does no damage.
You hit the wraith. You claw the wraith.
The wraith is heavily damaged.
The wraith closely misses you. The wraith hits you!
* * * LOW HITPOINT WARNING * * *
You block the wraith's attack. The wraith attacks as you move away!
The wraith hits you but does no damage. The wraith barely misses you.
The wraith hits you but does no damage. The wraith attacks as you move away!
You block the wraith's attack. The wraith barely misses you.
You block the wraith's attack. The wraith attacks as you move away!
The wraith hits you.
* * * LOW HITPOINT WARNING * * *
The wraith drains your vigour!
You feel as though you will be slow longer.
The wraith attacks as you move away! The wraith hits you but does no damage.
The wraith attacks as you move away! The wraith barely misses you. x2
The wraith attacks as you move away! The wraith hits you but does no damage.
You see here 8 gold pieces.
The wraith attacks as you move away! The wraith hits you.
* * * LOW HITPOINT WARNING * * *
The wraith closely misses you. The wraith attacks as you move away!
You block the wraith's attack. The wraith attacks as you move away!
The wraith hits you!
* * * LOW HITPOINT WARNING * * *
The wraith drains your vigour!
You feel as though you will be slow longer.
The wraith attacks as you move away! The wraith hits you.
You die...
Your body crumbles into a pile of gold.

(...^.........$.....#
###........#.......#
##......#..###....).#
#.......#..# #.....#
#.......#..# ...###
#......#..## ...#
##......#W.# ..#
#.......#W## ..#
#......#@W#
#.....##..#
#........##
#.........#
.......###..# .##...#
#..# ##.# ##.## ##
#..# +# ####..####.#


You could see 3 wraiths.

Vanquished Creatures
  Josephine (D:10)
  A two-headed ogre (D:6)
  The ghost of Demosthentine the Ducker, a novice DsGl (D:5)
  Maggie (D:7)
  A kobold demonologist (D:9)
  A rime drake (D:9)
  3 trolls
  2 hornets
  Grinder (D:3)
  A wraith (D:10)
  10 yaks
  A wyvern (D:8)
  A steam dragon (D:7)
  An acid dragon (D:9)
  A water moccasin (D:7)
  3 orc warriors
  4 ice beasts
  2 sky beasts (D:8)
  3 black bears
  2 ogres
  A wolf (D:9)
  A centaur (D:8)
  A phantom (D:6)
  5 kobold brigands
  3 bullfrogs
  3 scorpions
  17 wights
  8 killer bees
  Crazy Yiuf (D:3)
  7 orc priests
  2 sleepcaps
  3 iguanas
  8 orc wizards
  A hound zombie (D:4)
  4 gnolls (D:4)
  17 adders
  An adder zombie (D:4)
  A worm (D:5)
  2 dart slugs
  29 orcs
  4 bats
  8 endoplasms
  6 giant cockroaches
  4 goblins
  5 hobgoblins
  4 jackals (D:4)
  16 kobolds
  3 quokkas
  8 ball pythons
  5 frilled lizards
  2 rats (D:1)
221 creatures vanquished.

Notes
Turn   | Place    | Note
-------+----------+-------------------------------------------
     0 | D:1      | bearlyready the Tengu Fighter began the quest for the Orb.
     0 | D:1      | Reached XP level 1. HP: 14/14 MP: 2/2
    98 | D:1      | Reached skill level 3 in Long Blades
    98 | D:1      | Reached XP level 2. HP: 19/19 MP: 3/3
   591 | D:1      | Reached XP level 3. HP: 21/23 MP: 4/4
   666 | D:2      | Found a glowing silver altar of Zin.
   734 | D:2      | Reached skill level 4 in Long Blades
   975 | D:2      | Reached XP level 4. HP: 28/28 MP: 5/5
  1051 | D:2      | Reached skill level 5 in Long Blades
  1226 | D:2      | Noticed a shining eye
  1230 | D:2      | Found a faded altar of an unknown god.
  1231 | D:2      | Noticed a golden eye
  1231 | D:2      | Noticed a shining eye
  1231 | D:2      | Noticed a golden eye
  1801 | D:3      | Noticed Grinder
  1809 | D:3      | Gained mutation: Your magical nature lets you fly swiftly
                  | and evasively. [Tengu growth]
  1809 | D:3      | Reached XP level 5. HP: 19/32 MP: 6/6
  1812 | D:3      | Paralysed by Grinder for 2 turns
  1816 | D:3      | Killed Grinder
  1817 | D:3      | Reached skill level 7 in Long Blades
  1817 | D:3      | Reached XP level 6. HP: 13/37 MP: 7/7
  2023 | D:3      | Found an ancient bone altar of Kikubaaqudgha.
  2045 | D:3      | Found Soxurumo's Weapon Shoppe.
  2079 | D:3      | Found a runed translucent door.
  2080 | D:3      | Noticed Crazy Yiuf
  2087 | D:3      | Killed Crazy Yiuf
  2595 | D:4      | Reached skill level 8 in Long Blades
  2928 | D:4      | Reached XP level 7. HP: 41/41 MP: 8/8
  3054 | D:4      | Found a runed translucent gate.
  3054 | D:4      | Found a runed translucent gate.
  3054 | D:4      | Found a runed translucent gate.
  3054 | D:4      | Noticed ThatPearl's ghost (novice HOMo)
  3056 | D:4      | Found a basalt altar of Yredelemnul.
  3305 | D:5      | Entered Level 5 of the Dungeon
  3350 | D:5      | Noticed a two-headed ogre
  3432 | D:5      | Identified the amulet of Uluxzim {Reflect Dex+4 Slay+2
                  | SH+5}
  3438 | D:5      | Found an opulent altar of Gozag.
  3578 | D:5      | Found a large runed translucent door.
  3806 | D:5      | Found a large runed translucent door.
  3811 | D:5      | Reached skill level 9 in Long Blades
  4120 | D:6      | Reached skill level 10 in Long Blades
  4120 | D:6      | Reached XP level 8. HP: 22/46 MP: 9/9
  4251 | D:6      | Found Joits's Gadget Gallery.
  4429 | D:6      | Noticed a hornet
  4641 | D:7      | Reached skill level 11 in Long Blades
  4696 | D:7      | Killed a hornet
  4697 | D:7      | Reached skill level 12 in Long Blades
  4703 | D:7      | Reached XP level 9. HP: 15/50 MP: 10/10
  5104 | D:7      | Reached skill level 13 in Long Blades
  5321 | D:7      | Noticed Maggie
  5336 | D:7      | Killed Maggie
  5571 | D:7      | Found Wallilerr's Weapon Shop.
  5883 | D:8      | Found a broken altar of Ashenzari.
  5887 | D:8      | Reached skill level 14 in Long Blades
  5943 | D:8      | Found Zin's Purification Station.
  5945 | D:8      | Found a glowing silver altar of Zin.
  5951 | D:8      | Bought 2 potions of curing for 180 gold pieces
  6776 | D:9      | Noticed a hornet
  6863 | D:6      | Reached XP level 10. HP: 31/56 MP: 11/11
  7277 | D:6      | Found a staircase to the Ecumenical Temple.
  7288 | Temple   | Entered the Ecumenical Temple
  7489 | D:6      | Killed a two-headed ogre
  7713 | D:5      | Reached skill level 5 in Fighting
  7904 | D:5      | Reached skill level 5 in Shields
  8207 | D:5      | Became a worshipper of Gozag Ym Sagoz the Greedy
  8513 | D:5      | Noticed Demosthentine's ghost (novice DsGl)
  8536 | D:5      | Killed Demosthentine's ghost
  8723 | D:9      | Noticed a kobold demonologist
  8727 | D:9      | Noticed a soul eater
  8841 | D:8      | Reached skill level 15 in Long Blades
  9055 | D:9      | Found a runed translucent gate.
  9055 | D:9      | Noticed BlueFish's ghost (novice OpWr)
  9056 | D:9      | Found a runed translucent gate.
  9058 | D:9      | Found a runed translucent gate.
  9265 | D:9      | Found a staircase to the Lair.
  9286 | D:9      | Reached XP level 11. HP: 66/66 MP: 12/12
  9602 | D:9      | Noticed a four-headed hydra
  9619 | D:10     | Entered Level 10 of the Dungeon
  9867 | D:10     | Noticed Josephine
  9875 | D:10     | Killed Josephine
  9887 | D:10     | HP: 1/68 [wraith[Josephine] (11)]
  9888 | D:10     | Slain by a wraith

Illustrated notes

Levels and vault maps discovered:
D:1:      dpeg_arrival_tiny_d, layout_basic
D:2:      layout_loops_ring, basic_altar,
          hellmonk_ecumenical_altar_watching_god, minmay_snake_closets
D:3:      layout_rooms, mainiacjoe_overflow_alcove_4, serial_shops,
          nicolae_lakefront_shop, uniq_crazy_yiuf_cottage, uniq_grinder
D:4:      layout_basic, nicolae_yredelemnul_ghost_church
D:5:      layout_basic, lemuel_tele_altar, ebering_ghost_disaster_area,
          minmay_curled_crystal, minmay_misc_feat_secret_circle
D:6:      layout_basic, temple_hall, nicolae_shop_gadgets
D:7:      layout_basic, serial_shops, kennysheep_mini, uniq_maggie
D:8:      layout_loops_corners, mainiacjoe_overflow_paths, zin_purify
D:9:      minmay_octagon_keep, layout_rooms, jmf_multi_god_temple2,
          hellmonk_lair_entry_icy, biasface_ghost_orc_armoury
D:10:     layout_cave_pods, kennysheep_little_box, serial_shops, shop,
          uniq_josephine
Temple:   nicolae_temple_ecumenical_triangle

Skill      XL: |  1  2  3  4  5  6  7  8  9 10 11 |
---------------+----------------------------------+-----
Long Blades    | 3 4 5 7 8 10 12 14 15 | 15.9
Fighting       | 4 6 7 |  7.8
Shields        | 6 7 |  7.7
Armour         | |  3.2

Action                     |  1- 3 |  4- 6 |  7- 9 | 10-12 || total
---------------------------+-------+-------+-------+-------++-------
  Melee: Long sword        |    85 |    88 |   222 |       ||   395
         Kick              |    16 |    15 |    97 |    69 ||   197
         Peck              |     4 |     7 |    50 |    44 ||   105
         Scimitar          |       |       |    33 |   194 ||   227
  Throw: Javelin           |       |       |     2 |       ||     2
         Boomerang         |       |       |     2 |       ||     2
         Dart              |       |       |     1 |    12 ||    13
         Throwing net      |       |       |     1 |       ||     1
  Evoke: Wand              |       |       |     1 |     4 ||     5
    Use: Potion            |       |     1 |     7 |       ||     8
         Scroll            |       |       |       |     8 ||     8
   Stab: Distracted        |       |       |       |     2 ||     2
 Armour: Scale mail        |    29 |    29 |    58 |       ||   116
         Acid dragon scale |       |       |    12 |    57 ||    69
  Dodge: Dodged            |    35 |    39 |    75 |    52 ||   201
  Block: Buckler           |    25 |    13 |    91 |    80 ||   209
         Reflection        |       |       |     5 |     3 ||     8

Table legend: (Time is in decaauts)
 A = Elapsed time spent in this place.
 B = Non-inter-level travel time spent in this place.
 C = Inter-level travel time spent in this place.
 D = Time resting spent in this place.
 E = Time spent auto-exploring this place.
 F = Levels seen in this place.
 G = Mean time per level.
                   A        B        C        D        E       F      G
               +--------+--------+--------+--------+--------+-----+--------+
         Total |   9322 |   8602 |    720 |    101 |   6579 |  11 |  847.5 |
       Dungeon |   9244 |   8524 |    720 |    101 |   6562 |  10 |  924.4 |
        Temple |     77 |     77 |      0 |      0 |     17 |   1 |   77.0 |
               +--------+--------+--------+--------+--------+-----+--------+

Top non-repeatable levels by time:
     D:7: 1440 daAuts
     D:5: 1400 daAuts
     D:4: 1289 daAuts
     D:8: 1111 daAuts
     D:6: 1014 daAuts
     D:2: 919 daAuts
     D:1: 666 daAuts
     D:9: 598 daAuts
     D:3: 557 daAuts
    D:10: 248 daAuts
  Temple: 77 daAuts
